 Dungeon Crawl Stone Soup version 0.29-a0-878-g7b45a56547 (webtiles) character file.

Game seed: 17682791174614348794

6 27snakeeyes612 the Magician (level 1, 0/10 HPs)
             Began as a Deep Elf Air Elementalist on July 20, 2022.
             Slain by a ball python (1 damage)
             ... on level 1 of the Dungeon.
             The game lasted 00:00:10 (265 turns).

27snakeeyes612 the Magician (DEAE)                   Turns: 265, Time: 00:00:11

Health: 0/10       AC:  2    Str:  5    XL:     1   Next: 75%
Magic:  0/6        EV: 12    Int: 19    God:
Gold:   0          SH:  0    Dex: 15    Spells: 5/6 levels left

rFire   . . .      SeeInvis .   (no weapon)
rCold   . . .      Faith    .   (no shield)
rNeg    . . .      Spirit   .   a - +0 robe
rPois   .          Reflect  .   (no helmet)
rElec   .          Harm     .   (no cloak)
rCorr   .          Rampage  .   (no gloves)
Will    .....                   (no boots)
Stlth   ++........              (no amulet)
HPRegen 0.03/turn               (no ring)
MPRegen 0.10/turn               (no ring)

@: very slightly contaminated
A: no striking features
a: no special abilities


You were on level 1 of the Dungeon.
You visited 1 branch of the dungeon, and saw 1 of its levels.

Inventory:

Armour
 a - a +0 robe (worn)
Scrolls
 c - a scroll of identify {unknown}
Potions
 b - a potion of magic


   Skills:
 + Level 2.5 Dodging
 + Level 2.6 Stealth
 + Level 3.1 Spellcasting
 + Level 1.3 Conjurations
 + Level 3.0 Air Magic


You had 5 spell levels left.
You knew the following spells:

 Your Spells              Type           Power      Damage    Failure   Level
a - Shock                 Conj/Air       44%        1d5       6%          1

Your spell library contained the following spells:

 Spells                   Type           Power      Damage    Failure   Level
 Static Discharge         Conj/Air       11%        3-5/arc   10%         2
 Swiftness                Air            14%        N/A       13%         3
 Airstrike                Air            7%         0-3+      38%         4


Dungeon Overview and Level Annotations

Branches:
Dungeon (1/15)

Altars:

Shops:
D:1 [!


Message History

The hobgoblin is almost dead.
There are monsters nearby!
The zap misses the hobgoblin.
The hobgoblin hits you.
There are monsters nearby!
You miscast Shock.
Nothing appears to happen.
The hobgoblin barely misses you.
There are monsters nearby!
The zap hits the hobgoblin.
You kill the hobgoblin!
A ball python is nearby!
The zap misses the ball python.
The ball python bites you.
The ball python barely misses you. x2; The ball python grabs you.
The ball python constricts you.
You are out of magic!
A ball python is nearby!
You are out of magic!
A ball python is nearby!
You escape the ball python's grasp.
The ball python attacks as you move away!
The ball python closely misses you.
Aiming: Shock (safe; 6% risk of failure)
Press: ? - help, Q - select action Shift-Dir - straight line, f/p - ball python
Aim: a ball python (64% to hit)
You miscast Shock.
Nothing appears to happen.
The ball python bites you. The ball python grabs you.
The ball python constricts you.
You hit the ball python but do no damage.
The ball python barely misses you. The ball python constricts you.
* * * LOW HITPOINT WARNING * * *
You barely miss the ball python. The ball python closely misses you.
The ball python constricts you. The ball python barely misses you.
The ball python constricts you.
* * * LOW HITPOINT WARNING * * *
The ball python's grasp on you weakens, but your attempt to escape fails.
The ball python bites you but does no damage.
The ball python constricts you.
* * * LOW HITPOINT WARNING * * *
You escape the ball python's grasp.
The ball python attacks as you move away!
The ball python bites you.
You die...

#...#...
#....#.#..
##..†..∩...
#.....#.#..
#.##.#...# #.#
....... #.#
####### #S# #@#
#.# #.# #######
#.# ###.....###
#.# ###.........##
#.###.............
#.................
################..
###


You could see a ball python.

Vanquished Creatures
  A giant cockroach (D:1)
  2 hobgoblins (D:1)
  A kobold (D:1)
  A rat (D:1)
5 creatures vanquished.

Notes
Turn   | Place    | Note
-------+----------+-------------------------------------------
     0 | D:1      | 27snakeeyes612 the Deep Elf Air Elementalist began the
                  | quest for the Orb.
     0 | D:1      | Reached XP level 1. HP: 10/10 MP: 6/6
   209 | D:1      | Found a faded altar of an unknown god.
   245 | D:1      | Found Yblim's Armour Shop.
   247 | D:1      | Found Gielepn's Distillery.
   265 | D:1      | Slain by a ball python

Illustrated notes

Levels and vault maps discovered:
D:1:      dpeg_arrival_more_subterranean_lakeside_camping, layout_basic,
          serial_shops, shop, nicolae_shop_advertising_works
          [nicolae_subvault_shop_adworks], hellmonk_ecumenical_altar_zigzags

Action                   || total
-------------------------++-------
Melee: Unarmed           ||     2
 Cast: Shock             ||    16
Armor: Robe              ||     1
Dodge: Dodged            ||     8

Table legend: (Time is in decaauts)
 A = Elapsed time spent in this place.
 B = Non-inter-level travel time spent in this place.
 C = Inter-level travel time spent in this place.
 D = Time resting spent in this place.
 E = Time spent auto-exploring this place.
 F = Levels seen in this place.
 G = Mean time per level.
                   A        B        C        D        E       F      G
               +--------+--------+--------+--------+--------+-----+--------+
         Total |    265 |    265 |      0 |      0 |    228 |   1 |  265.0 |
       Dungeon |    265 |    265 |      0 |      0 |    228 |   1 |  265.0 |
               +--------+--------+--------+--------+--------+-----+--------+

Top non-repeatable levels by time:
     D:1: 265 daAuts
